 Dungeon Crawl Stone Soup version 0.29-a0-384-g6960b1960d (webtiles) character file.

Game seed: 14071630663430493984

88 zeratav the Skirmisher (level 4, -2/44 HPs)
             Began as a Hill Orc Fighter on May 6, 2022.
             Slain by a sky beast (6 damage)
             ... on level 3 of the Dungeon.
             The game lasted 00:03:24 (2176 turns).

zeratav the Skirmisher (Hill Orc Fighter)           Turns: 2176, Time: 00:03:25

Health: -2/44      AC:  8    Str: 20    XL:     4   Next: 54%
Magic:  4/4        EV:  9    Int:  8    God:
Gold:   175        SH:  4    Dex: 10    Spells: 3/3 levels left

rFire   . . .      SeeInvis .   a - +0 war axe {axe}
rCold   . . .      Faith    .   c - +0 buckler
rNeg    . . .      Spirit   .   b - +0 scale mail
rPois   .          Reflect  .   (no helmet)
rElec   .          Harm     .   e - +0 cloak
rCorr   .          Rampage  .   (no gloves)
Will    .....                   (no boots)
Stlth   ..........              (no amulet)
HPRegen 0.14/turn               t - ring of flight
MPRegen 0.09/turn               (no ring)

@: flying
A: no striking features
a: no special abilities


You were on level 3 of the Dungeon.
You visited 1 branch of the dungeon, and saw 3 of its levels.

You collected 175 gold pieces.


   Skills:
 + Level 6.2 Fighting
 - Level 2.6 Axes
 - Level 3.2 Armour
 - Level 3.2 Shields


You had 3 spell levels left.
You didn't know any spells.
Your spell library contained the following spells:

 Spells                   Type           Power      Damage    Failure   Level
 Animate Skeleton         Necr           0%         N/A       85%         1
 Apportation              Tloc           0%         N/A       85%         1
 Foxfire                  Conj/Fire      0%         2x1d4     85%         1
 Summon Small Mammal      Summ           0%         N/A       85%         1
 Blink                    Tloc           0%         N/A       94%         2
 Call Canine Familiar     Summ           0%         N/A       99%         3
 Conjure Flame            Conj/Fire      0%         6-21      99%         3
 Inner Flame              Hex/Fire       0%         N/A       99%         3
 Lesser Beckoning         Tloc           0%         N/A       99%         3
 Summon Guardian Golem    Hex/Summ       0%         N/A       99%         3
 Flame Wave               Conj/Fire      0%         2d4       100%        4
 Manifold Assault         Tloc           0%         N/A       100%        5

Inventory:

Hand Weapons
 a - a +0 war axe (weapon) {axe}
Armour
 b - a +0 scale mail (worn)
 c - a +0 buckler (worn)
 e - a +0 cloak (worn)
   (You found it on level 1 of the Dungeon)
 g - a +0 leather armour
   (You found it on level 1 of the Dungeon)
 m - a +0 scale mail
   (You found it on level 2 of the Dungeon)
 n - a +0 leather armour
   (You found it on level 2 of the Dungeon)
 p - a +0 leather armour
   (You found it on level 2 of the Dungeon)
 u - a +0 scale mail
   (You took it off an orc on level 3 of the Dungeon)
Jewellery
 t - a ring of flight (left hand)
   (You found it on level 2 of the Dungeon)
Scrolls
 f - 3 scrolls of enchant weapon {unknown}
 h - a scroll of vulnerability {unknown}
 i - a scroll of amnesia {unknown}
 j - 3 scrolls of noise {unknown}
 r - a scroll of teleportation {unknown}
 s - a scroll of magic mapping {unknown}
 x - 2 scrolls of identify {unknown}
 y - a scroll of poison {unknown}
Potions
 d - a potion of might
 k - 2 potions of heal wounds {unknown}
 l - 3 potions of brilliance {unknown}
 o - a potion of degeneration {unknown}
 q - a potion of flight {unknown}
 v - a potion of haste {unknown}
 w - 2 potions of mutation {unknown}
 z - a potion of lignification {unknown}

Dungeon Overview and Level Annotations

Branches:
Dungeon (3/15)

Altars:

############
###########..........#
############.........#..........#
...........'....@....'..........#
.###########......†..#..........#
.# #.........#..........# .#
#.........#..........# .#
#.........#..........# .#
#.........#######'#### .#
#.........# #.## .# ###########
#..# .####### ##.##


There were no monsters in sight!


Message History

No target in view!
No target in view!
No target in view!
No target in view!
No target in view!
No target in view!
No target in view!
You reach down and open the door.
There is an open door here.
Found a stone staircase leading down.
HP[+1]
Your hp is fully restored (44).
z - a lumpy pink potion No target in view!
You reach down and open the door.
There is an open door here.
j - 2 scrolls labelled COEMIZ FUGUCO (gained 1)
j - 3 scrolls labelled COEMIZ FUGUCO (gained 1)
You reach down and open the door.
A giant cockroach comes into view.
A giant cockroach is nearby!
A goblin comes into view. It is wielding a +0 dagger.
The goblin shouts!
The giant cockroach bites you but does no damage.
You block the giant cockroach's attack.
You slash the giant cockroach!
You kill the giant cockroach!
A sky beast comes into view.
You hit the goblin.
You kill the goblin!
The sky beast flickers out of sight!
Deactivating autopickup; reactivate with Ctrl-A.
No target in view!
No target in view!
No target in view!
No target in view!
No target in view!
No target in view!
No target in view!
No target in view!
No target in view!
No target in view!
No target in view!
No target in view!
No target in view!
No target in view!
No target in view!
No target in view!
No target in view!
No target in view!
No target in view!
Unknown command.
A sky beast appears from thin air!
Reactivating autopickup.
You block the sky beast's attack.
You hit the sky beast. You block the sky beast's attack.
The sky beast flickers out of sight!
Deactivating autopickup; reactivate with Ctrl-A.
Something hits you. Something shocks you.
HP[-10]
You take 10 damage, and now have 34/44 hp.
MASSIVE DAMAGE!! (PAUSE)
You miss something. Something hits you but does no damage.
You miss something. Something hits you but does no damage.
You block something's attack.
Unknown command.
HP[+1]
Something hits you. Something shocks you.
HP[-7]
You take 7 damage, and now have 28/44 hp.
Something hits you but does no damage. Something hits you but does no damage.
Something hits you. Something shocks you.
* * * LOW HITPOINT WARNING * * *
HP[-6]
You take 6 damage, and now have 22/44 hp.
A sky beast appears from thin air!
Reactivating autopickup.
The sky beast flickers out of sight!
Deactivating autopickup; reactivate with Ctrl-A.
Something hits you but does no damage.
There is an open door here.
Something hits you but does no damage. Something hits you.
* * * LOW HITPOINT WARNING * * *
Something shocks you.
* * * LOW HITPOINT WARNING * * *
HP[-9]
You take 9 damage, and now have 13/44 hp.
MASSIVE DAMAGE!! (PAUSE)
Something hits you.
* * * LOW HITPOINT WARNING * * *
Something shocks you.
* * * LOW HITPOINT WARNING * * *
HP[-7]
You take 7 damage, and now have 6/44 hp.
Something hits you.
* * * LOW HITPOINT WARNING * * *
Something shocks you.
You die...

Skill      XL: |  1  2  3  4 |
---------------+-------------+-----
Fighting       | 4 5 6 |  6.2
Axes           | |  2.6
Armour         | |  3.2
Shields        | |  3.2

Action                   |  1- 3 |  4- 6 || total
-------------------------+-------+-------++-------
Melee: War axe           |    71 |    37 ||   108
Armor: Scale mail        |    25 |    21 ||    46
Dodge: Dodged            |    38 |    14 ||    52
Block: Buckler           |    20 |     6 ||    26

Levels and vault maps discovered:
D:1:      ebering_trefoil_3fold, layout_basic, ebering_ecumenical_altar_ruins,
          palyth_stone_intersect
D:2:      layout_basic, minmay_ruptured
D:3:      layout_basic, minmay_rat_hole

Notes
Turn   | Place    | Note
-------+----------+-------------------------------------------
     0 | D:1      | zeratav the Hill Orc Fighter began the quest for the Orb.
     0 | D:1      | Reached XP level 1. HP: 19/19 MP: 1/1
     0 | D:1      | magus.rc [v1.9.6]
     9 | D:1      | You pick up a book of Flames and begin reading...
     9 | D:1      | You add the spells Foxfire, Conjure Flame, Inner Flame and
                  | Flame Wave to your library.
   196 | D:1      | Reached skill level 4 in Fighting
   246 | D:1      | Found a faded altar of an unknown god.
   345 | D:1      | You pick up a book of Callings and begin reading...
   345 | D:1      | You add the spells Summon Small Mammal, Call Canine
                  | Familiar and Summon Guardian Golem to your library.
   375 | D:1      | Reached XP level 2. HP: 27/27 MP: 2/2
   451 | D:1      | You pick up a book of Cantrips and begin reading...
   451 | D:1      | You add the spells Animate Skeleton and Apportation to your
                  | library.
   909 | D:2      | Reached skill level 5 in Fighting
   909 | D:2      | Reached XP level 3. HP: 25/36 MP: 3/3
   915 | D:2      | HP: 6/36 [gnoll/+0 flail (8)]
   920 | D:2      | HP: 5/36 [gnoll/+0 flail (2)]
   922 | D:2      | Reached XP level 4. HP: 6/44 MP: 4/4
  1473 | D:2      | Reached skill level 6 in Fighting
  1973 | D:3      | You pick up a book of Spatial Translocations and begin
                  | reading...
  1973 | D:3      | You add the spells Blink, Lesser Beckoning and Manifold
                  | Assault to your library.
  2139 | D:3      | Noticed a sky beast
  2174 | D:3      | HP: 6/44 [something (6)]
  2176 | D:3      | Slain by a sky beast

Vanquished Creatures
  4 gnolls (D:2)
  An adder (D:2)
  A dart slug (D:2)
  A worm (D:3)
  An orc (D:3)
  4 bats
  2 endoplasms
  4 giant cockroaches
  4 goblins
  5 hobgoblins
  A ball python (D:3)
  A frilled lizard (D:1)
  2 kobolds (D:1)
  4 rats
35 creatures vanquished.

Table legend:
 A = Non-vault XP
 B = Vault XP
 C = Vault XP percentage of total XP
 D = Non-vault monster count
 E = Vault monster count
 F = Vault count percentage of total count
                 A         B        C        D         E       F
            +---------+---------+-------+---------+---------+-------
      Total |     122 |       5 |   3.9 |      32 |       3 |   8.6
            +---------+---------+-------+---------+---------+-------
        D:1 |      13 |       0 |   0.0 |       8 |       0 |   0.0
        D:2 |      93 |       5 |   5.1 |      16 |       3 |  15.8
        D:3 |      16 |       0 |   0.0 |       8 |       0 |   0.0
            +---------+---------+-------+---------+---------+-------

Illustrated notes

Table legend:
 A = Kills in this place as a percentage of kills in entire the game.
 B = Kills by you in this place as a percentage of kills by you in the entire game.
 C = Kills by friends in this place as a percentage of kills by friends in the entire game.
 D = Other kills in this place as a percentage of other kills in the entire game.
 E = Experience gained in this place as a percentage of experience gained in the entire game.
 F = Experience gained in this place divided by the number of levels of this place that you have seen.
                   A       B       C       D       E      F
               +-------+-------+-------+-------+-------+----------------------
         Total | 100.0 | 100.0 |   N/A |   N/A | 100.0 |  42.3
       Dungeon | 100.0 | 100.0 |   N/A |   N/A | 100.0 |  42.3
               +-------+-------+-------+-------+-------+----------------------

Table legend: (Time is in decaauts)
 A = Elapsed time spent in this place.
 B = Non-inter-level travel time spent in this place.
 C = Inter-level travel time spent in this place.
 D = Time resting spent in this place.
 E = Time spent auto-exploring this place.
 F = Levels seen in this place.
 G = Mean time per level.
                   A        B        C        D        E       F      G
               +--------+--------+--------+--------+--------+-----+--------+
         Total |   2219 |   2141 |     78 |    264 |   1552 |   3 |  739.7 |
       Dungeon |   2219 |   2141 |     78 |    264 |   1552 |   3 |  739.7 |
               +--------+--------+--------+--------+--------+-----+--------+

Top non-repeatable levels by time:
     D:2: 1106 daAuts
     D:1: 677 daAuts
     D:3: 435 daAuts
